 Dungeon Crawl Stone Soup version 0.30.1-11-g7821555f0a (webtiles) character file.

Game seed: 12289437567991978029

102 Peloso the Trooper (level 4, 45/45 HPs)
             Began as a Minotaur Fighter on Dec 29, 2023.
             Got out of the dungeon alive.
             The game lasted 00:02:08 (1504 turns).

Peloso the Trooper (Minotaur Fighter)               Turns: 1504, Time: 00:02:09

Health: 45/45      AC:  9    Str: 21    XL:     4   Next: 49%
Magic:  3/3        EV:  8    Int:  5    God:
Gold:   63         SH:  4    Dex: 11    Spells: 3/3 levels left

rFire   . . .        a - +0 long sword
rCold   . . .        d - +0 buckler
rNeg    . . .        c - +0 chain mail
rPois   .            (helmet restricted)
rElec   .            (no cloak)
rCorr   .            (no gloves)
SInv    .            (no boots)
Will    .....        (no amulet) Stlth
                     (no ring)
HPRegen 0.27/turn    (no ring)
MPRegen 0.08/turn

%: no passive effects
@: no status effects
A: horns 2, retaliatory headbutt, robust 1, inhibited regeneration, wild magic 1
a: no special abilities


You escaped.
You visited 1 branch of the dungeon, and saw 2 of its levels.

You collected 63 gold pieces.

Inventory:

Hand Weapons
 a - a +0 long sword (weapon)
Armour
 b - a +0 scale mail
 c - a +0 chain mail (worn)
 d - a +0 buckler (worn)
Jewellery
 m - a ring of flight
Scrolls
 f - 3 scrolls of fog {unknown}
 g - a scroll of vulnerability {unknown}
 h - a scroll of enchant armour {unknown}
 i - a scroll of teleportation {unknown}
 j - 5 scrolls of identify {unknown}
 k - a scroll of silence {unknown}
Potions
 e - a potion of might
 l - a potion of haste
 n - a potion of curing


   Skills:
 + Level 4.5 Fighting
 + Level 3.9 Long Blades
 + Level 4.5 Armour
 + Level 4.0 Shields


You had 3 spell levels left.
You didn't know any spells.
Your spell library contained the following spells:

 Spells                   Type           Power      Damage    Failure   Level
 Ensorcelled Hibernation  Hex/Ice        0%         N/A       100%        2
 Passwall                 Tmut/Erth      0%         N/A       100%        2
 Swiftness                Air            0%         N/A       100%        3
 Animate Dead             Necr           0%         N/A       100%        4
 Haunt                    Necr/Summ      0%         N/A       100%        7
 Infestation              Necr           0%         N/A       100%        8


Dungeon Overview and Level Annotations

Branches:
Dungeon (2/15)

Altars:


Innate Abilities, Weirdness & Mutations

You have a pair of horns on your head.
You reflexively headbutt those who attack you in melee.
You are robust. (+10% HP)
You do not regenerate when monsters are visible.
Your spells are a little harder to cast, but a little more powerful.


Message History

You block the ball python's attack. The ball python constricts you.
You hit the ball python but do no damage.
The ball python is severely wounded.
The ball python bites you but does no damage.
The ball python constricts you. The ball python bites you.
The ball python constricts you.
You completely miss the ball python.
The ball python is severely wounded.
The ball python bites you but does no damage.
The ball python constricts you.
You barely miss the ball python.
The ball python is severely wounded.
You block the ball python's attack. The ball python constricts you.
The ball python bites you but does no damage.
The ball python constricts you.
You slash the ball python!
You kill the ball python!
You pick up a book of Death and begin reading...
You add the spells Animate Dead, Haunt and Infestation to your library.
Found a stone staircase leading down.
There is a stone staircase leading down here.
o - a bubbling white potion
There is a stone staircase leading down here.
Done exploring.
Done exploring.
Done exploring.
Done exploring.
It was a potion of curing.
You feel better.
It was a potion of mutation.
You feel extremely strange.
You feel less in control of your magic.
Your regeneration stops near monsters.
You feel robust.
(D) Dungeon
Where to? (Enter - D:12, ? - help)
What level of the Dungeon? (default 1, ? - help)
There is a stone staircase leading up here.
You climb upwards.
There is a stone staircase leading down here.
There is a staircase leading out of the dungeon here.
Are you sure you want to leave the Dungeon?
This will make you lose the game!
You have escaped!

#.......................... ###
#...####...........######.. ..#
##....###..#........# #..
#.####.............>.....######..
.....#.##........#..............#
.###.....###############...####.#
.#####.###.............#.....##..
.........#.............#......###
.#...##..#......@......#.........
.#.#.....#.............#####.....
.....)####.............# ###..#
........#######.#.############..#
.........####.#...#..............
...####.......#.#.#....####....##
#######..###.##...#.........#..#.
##.....#.....##.>.#.#.#.####..#..
........###..##...#.....# #.....


There were no monsters in sight!

Vanquished Creatures
  3 gnolls (D:2)
  2 adders (D:2)
  A worm (D:2)
  2 dart slugs
  4 bats
  5 endoplasms (D:1)
  4 giant cockroaches
  5 goblins
  5 hobgoblins
  3 kobolds (D:1)
  3 quokkas (D:1)
  5 ball pythons
  3 frilled lizards
  2 rats (D:1)
47 creatures vanquished.

Notes
Turn   | Place    | Note
-------+----------+-------------------------------------------
     0 | D:1      | Peloso the Minotaur Fighter began the quest for the Orb.
     0 | D:1      | Reached XP level 1. HP: 19/19 MP: 0/0
   145 | D:1      | Reached XP level 2. HP: 17/27 MP: 1/1
   401 | D:1      | Reached XP level 3. HP: 18/33 MP: 2/2
   751 | D:2      | Reached XP level 4. HP: 18/41 MP: 3/3
  1433 | D:2      | Gained mutation: Your spells are a little harder to cast,
                  | but a little more powerful. [potion of mutation]
  1433 | D:2      | Gained mutation: You do not regenerate when monsters are
                  | visible. [potion of mutation]
  1433 | D:2      | Gained mutation: You are robust. (+10% HP) [potion of
                  | mutation]
  1504 | D:$      | Got out of the dungeon alive.

Illustrated notes

Levels and vault maps discovered:
D:1:      lemuel_arrival_hallway, layout_rooms
D:2:      layout_loops_ring, grunt_decor_resistance

Skill      XL: |  1  2  3 |
---------------+----------+-----
Fighting       | 4 |  4.5
Armour         | 4 |  4.5
Long Blades    | 3 |  3.9
Shields        | 4 |  4.0

Action                     |  1- 3 |  4- 6 || total
---------------------------+-------+-------++-------
  Melee: Long sword        |    74 |    38 ||   112
         Headbutt          |    12 |     2 ||    14
    Use: Potion            |     1 |     2 ||     3
 Armour: Chain mail        |    68 |    20 ||    88
         Scale mail        |     1 |       ||     1
  Dodge: Dodged            |    44 |    15 ||    59
  Block: Buckler           |    26 |    10 ||    36
